 Dungeon Crawl Stone Soup version 0.22.1 (webtiles) character file.

182 Folque the Magician (level 5, -1/34 HPs)
             Began as an Octopode Wizard on Sept 18, 2018.
             Killed by divine providence
             ... invoked by an orc priest
              (13 damage)
             ... on level 4 of the Dungeon.
             The game lasted 00:11:22 (3923 turns).

Folque the Magician (Octopode Wizard)               Turns: 3923, Time: 00:11:25

Health: -1/34      AC:  1    Str:  6    XL:     5   Next: 61%
Magic:  4/11       EV: 13    Int: 21    God:
Gold:   171        SH:  0    Dex: 11    Spells: 4/12 levels left

rFire    . . .     SeeInvis .   e - -1 club (curse)
rCold    . . .     Gourm    .   (no shield)
rNeg     . . .     Faith    .   a - +0 hat
rPois    .         Spirit   .   (no amulet)
rElec    .         Reflect  .   (no ring)
rCorr    .         Harm     .   (no ring)
MR       .....                  (no ring)
Stlth    +++.......             (no ring)
HPRegen  0.11/turn              (no ring)
MPRegen  0.12/turn              (no ring)
                                (no ring)
                                (no ring)

@: no status effects
A: almost no armour, stealthy swim, amphibious, 8 rings, constrict 8, camouflage
1, gelatinous body 1
a: no special abilities


You were on level 4 of the Dungeon.
You were hungry.

You visited 1 branch of the dungeon, and saw 4 of its levels.

You collected 171 gold pieces.

Inventory:

Hand Weapons
 d - a +0 dagger
 e - a cursed -1 club (weapon)
 l - a +1 short sword
 r - a +0 rapier
Missiles
 g - 2 javelins of penetration (quivered)
Armour
 a - a +0 hat (worn)
Jewellery
 o - an uncursed ring of flight
Scrolls
 m - 2 scrolls of identify
 q - a scroll of amnesia
 u - a scroll of remove curse {unknown}
Potions
 b - a potion of ambrosia
 f - a potion of mutation {unknown}
 h - a potion of cancellation {unknown}
 i - a potion of flight {unknown}
 j - 2 potions of brilliance
 k - 2 potions of lignification {unknown}
 n - a potion of might {unknown}
 p - a potion of curing
 s - a potion of magic {unknown}
 t - 2 potions of berserk rage {unknown}
Comestibles
 c - 8 rations


   Skills:
 - Level 2.0 Fighting
 - Level 2.0 Dodging
 * Level 4.0 Stealth
 * Level 4.0 Spellcasting
 - Level 2.0 Conjurations
 - Level 1.0 Summonings
 - Level 1.0 Translocations
 - Level 1.0 Air Magic
 - Level 2.0 Poison Magic


You had 4 spell levels left.
You knew the following spells:

 Your Spells              Type           Power        Failure   Level  Hunger
a - Magic Dart            Conj           ##..         5%          1    None
b - Call Imp              Summ           #.......     12%         2    #......
c - Blink                 Tloc           N/A          12%         2    #......
d - Mephitic Cloud        Conj/Pois/Air  ##......     19%         3    ###....

Your spell library contained the following spells:

 Spells                   Type           Power        Failure   Level  Hunger
 Slow                     Hex            #.......     19%         2    #......
 Conjure Flame            Conj/Fire      #.......     24%         3    ###....


Dungeon Overview and Level Annotations

Branches:
Dungeon (4/15)
 Temple: D:4-7

Altars:
Xom


Innate Abilities, Weirdness & Mutations

You cannot wear most types of armour.
You are very stealthy in the water. (Stealth+)
You are amphibious.
You can wear up to eight rings at the same time.
You can use your tentacles to constrict eight enemies at once.
Your skin changes colour to match your surroundings (Stealth+).
Your rubbery body absorbs attacks. (AC +1, EV +1)


Message History

The jackal barely misses you. The orc closely misses your white imp.
The orc priest looks satisfied for a moment.
You see here a club.
You hit the jackal but do no damage. Your grab misses the jackal.
Your crimson imp closely misses the jackal.
The jackal bites you.
The orc hits your white imp with a club.
The orc priest calls down the wrath of Beogh upon you.
Beogh smites you! The jackal misses you.
Your crimson imp barely misses the jackal.
You swap places.
The jackal bites your white imp. The orc hits you with a club.
Your white imp hits the jackal but does no damage.
Your crimson imp misses the jackal.
You hit the orc. Your grab misses the orc.
You squeeze the orc, but do no damage.
The orc is heavily wounded.
The jackal bites your white imp.
The orc priest invokes the aid of Beogh against you.
Beogh smites you!
You die...

#..........#...##..## #.# #
#..........#...##...# #.# #
#..........#...##.#.## #.# #
#..........#...##.#..# #.# #
#..........#...##.##.#####.###
#..........#................(.
############...##..#...###.###
#########.#..........
#ooo@5h5..#.#.###.###
#o######..#.#........ #.#
#..#.#.###'### #.#
#..#.#........
.######o######..#.#........
.......o)...##..#.#........
.######.###.##..#.#........
#..o..#.#...#..........
#.#.#.#.#.#.####.##.###


You could see 2 orc priests, 2 orcs, a jackal, a friendly crimson imp and a
friendly white imp.

Vanquished Creatures
  An orc priest (D:4)
  A bullfrog skeleton (D:4)
  A worker ant (D:4)
  An adder (D:4)
  2 dart slugs
  2 leopard geckos
  4 orcs
  2 bats
  3 giant cockroaches
  7 goblins
  A hobgoblin (D:2)
  5 jackals
  5 kobolds
  A quokka (D:2)
  5 frilled lizards
  7 rats
48 creatures vanquished.

Vanquished Creatures (collateral kills)
  A centaur skeleton (D:4)
  An orc wizard (D:3)
  An adder (D:3)
  An ooze (D:2)
  A worm (D:2)
  6 orcs
  A goblin (D:2)
12 creatures vanquished.

Vanquished Creatures (others)
  A worker ant (D:4)
1 creature vanquished.

Grand Total: 61 creatures vanquished

Notes
Turn   | Place    | Note
-------+----------+-------------------------------------------
     0 | D:1      | Folque the Octopode Wizard began the quest for the Orb.
     0 | D:1      | Reached XP level 1. HP: 11/11 MP: 4/4
   463 | D:1      | Reached skill level 1 in Fighting
   463 | D:1      | Reached XP level 2. HP: 11/18 MP: 6/6
   984 | D:2      | Found a shimmering altar of Xom.
  1008 | D:2      | Learned a level 2 spell: Call Imp
  1011 | D:2      | Learned a level 2 spell: Blink
  1017 | D:2      | Found a shimmering altar of Xom.
  1018 | D:2      | Found a shimmering altar of Xom.
  1037 | D:2      | Reached XP level 3. HP: 15/24 MP: 3/7
  1386 | D:2      | Learned a level 3 spell: Mephitic Cloud
  2044 | D:3      | Reached skill level 1 in Poison Magic
  2429 | D:3      | Reached XP level 4. HP: 29/29 MP: 8/8
  2620 | D:3      | Reached skill level 1 in Air Magic
  3482 | D:4      | Reached XP level 5. HP: 30/34 MP: 1/10
  3923 | D:4      | Killed from afar by an orc priest

Skill      XL: |  1  2  3  4  5 |
---------------+----------------+-----
Fighting       | 1 2 |  2.0
Conjurations   | 2 |  2.0
Poison Magic   | 1 2 |  2.0
Air Magic      | 1 |  1.0
Stealth        | 3 4 |  4.0
Spellcasting   | 4 |  4.0
Dodging        | |  2.0
Summonings     | |  1.0
Translocations | |  1.0

Action                   |  1- 3 |  4- 6 || total
-------------------------+-------+-------++-------
Melee: Club              |   105 |    37 ||   142
       Tentacles         |    14 |     6 ||    20
       Constrict         |    23 |    12 ||    35
       Unarmed           |     3 |       ||     3
 Cast: Magic Dart        |    18 |     6 ||    24
       Call Imp          |     6 |    15 ||    21
       Mephitic Cloud    |       |     3 ||     3
       Blink             |       |     2 ||     2
  Use: Scroll            |     6 |     1 ||     7
       Potion            |     2 |       ||     2
 Stab: Sleeping          |     9 |       ||     9
       Confused          |       |     1 ||     1
  Eat: Chunk             |     5 |     5 ||    10
Armor: Skin              |     8 |     2 ||    10
Dodge: Dodged            |    87 |    34 ||   121
